 Dungeon Crawl Stone Soup version 0.24-a0-613-g1ff6aac338 (webtiles) character file.

Game seed: 1793602552061373030, levelgen mode: deterministic

821 Jorund the Bolt Thrower (level 8, 6/60 HPs)
             Began as a Formicid Arcane Marksman on Sept 11, 2019.
             Quit the game on level 5 of the Dungeon.
             The game lasted 00:12:09 (4987 turns).

Jorund the Bolt Thrower (Formicid Arcane Marksman)  Turns: 4987, Time: 00:12:10

Health: 6/60       AC:  4    Str: 14    XL:     8   Next: 17%
Magic:  10/10      EV: 11    Int: 16    God:
Gold:   285        SH:  0    Dex: 11    Spells: 4/10 levels left

rFire    + . .     SeeInvis +   a - +0 hand crossbow
rCold    . . .     Gourm    .   (no shield)
rNeg     . . .     Faith    .   i - +1 robe {rF+}
rPois    .         Spirit   .   (helmet unavailable)
rElec    .         Reflect  .   z - +0 cloak
rCorr    .         Harm     +   (no gloves)
MR       .....                  (no boots)
Stlth    +.........             t - amulet of harm
HPRegen  0.20/turn              (no ring)
MPRegen  0.12/turn              (no ring)

@: heavily drained
A: permanent stasis, dig shafts and tunnels, four strong arms, antennae 3
a: Dig, Shaft Self


You were on level 5 of the Dungeon.
You were not hungry.

You visited 1 branch of the dungeon, and saw 5 of its levels.
You also visited: Ossuary.

You collected 285 gold pieces.

Inventory:

Hand Weapons
 a - a +0 hand crossbow (weapon)
Armour
 e - a +0 robe
 i - a +1 robe of fire resistance (worn)
 r - a +2 ring mail of cold resistance
 z - a +0 cloak (worn)
Jewellery
 n - an uncursed ring of fire
 t - an amulet of harm (around neck)
Wands
 q - a wand of disintegration (6)
Scrolls
 c - 2 scrolls of remove curse
 l - a scroll of fear
 m - 2 scrolls of teleportation {unknown}
 o - a scroll of amnesia {unknown}
 s - a scroll of fog {unknown}
 u - 5 scrolls of magic mapping {unknown}
 v - a scroll of blinking {unknown}
 y - a scroll of holy word {unknown}
Potions
 b - 4 potions of haste
 g - a potion of curing
 h - 2 potions of might {unknown}
 j - 3 potions of invisibility
 k - a potion of cancellation {unknown}
 p - 2 potions of lignification {unknown}
Comestibles
 f - 9 rations


   Skills:
 + Level 4.1(2.9) Fighting
 + Level 7.4(6.1) Crossbows
 - Level 1.7(0.6) Dodging
 + Level 1.6(0.5) Spellcasting
 + Level 4.5(3.3) Hexes
 + Level 0.7(0.0) Evocations


You had 4 spell levels left.
You knew the following spells:

 Your Spells              Type           Power        Failure   Level  Hunger
a - Corona                Hex            ##.....      6%          1    ##.....
b - Slow                  Hex            ##......     10%         2    ###....
c - Inner Flame           Hex/Fire       #.......     36%         3    ####...

Your spell library contained the following spells:

 Spells                   Type           Power        Failure   Level  Hunger
 Portal Projectile        Hex/Tloc       #.....       36%         3    ####...
 Cause Fear               Hex            ##........   52%         4    #####..
 Leda's Liquefaction      Hex/Erth       #.........   77%         4    #####..


Dungeon Overview and Level Annotations

Branches:
Dungeon (5/15)            Ossuary (visited)
 Temple: D:4-7

Altars:
Fedhas
Makhleb
Nemelex Xobeh
Qazlal
Ru
Wu Jian
Zin

Shops:
D:4 :

Annotations:
D:3 2 transporters
D:5 Eustachio


Innate Abilities, Weirdness & Mutations

You cannot be hasted, slowed, berserked, paralysed or teleported.
You can dig through walls and to a lower floor.
Your four strong arms can wield two-handed weapons with a shield.
You have a pair of large antennae on your head. (SInv)


Message History

Aim: Eustachio, wielding a +3 rapier of draining and wearing a +0 leather armour (almost dead, chance to defeat MR: 65%)
The white imp struggles to resist.
The ufetubus hits you.
* * * LOW HITPOINT WARNING * * *
The ufetubus hits you.
* * * LOW HITPOINT WARNING * * *
The white imp hits you but does no damage.
The river rat bites you.
* * * LOW HITPOINT WARNING * * *
Eustachio mumbles some strange words.
Eustachio blinks!
The ufetubus barely misses you. The ufetubus closely misses you.
Unknown command.
You feel better. The white imp gestures at you. The puff of frost hits you!
* * * LOW HITPOINT WARNING * * *
The ufetubus barely misses you.
The ufetubus hits you but does no damage.
The river rat closely misses you.
Are you sure you want to abandon this character and quit the game? (Confirm with "yes".)

################@..
#..................
##.#.#####.########
#.#.#...#........
#.#.#ยง5r#......##
#.#.#..@#.####.#
#.#.##5##...<# #
#.#5((.{{.##.#
#.(.(#@#.....#
######.##....#
#.#.......#
#.######### #.. {{
#### {


You could see Eustachio, a river rat, a white imp and an ufetubus.

Vanquished Creatures
  Grinder (D:4)
  Sigmund (D:4)
  A human zombie (Ossuary)
  A hound (D:2)
  Ijyb (D:3)
  Natasha (twice) (D:4)
  2 worker ants (D:4)
  3 hound zombies (Ossuary)
  4 mummies (Ossuary)
  Robin (D:3)
  8 adders
  A howler monkey skeleton (D:4)
  2 oozes
  2 adder zombies (Ossuary)
  A worm (D:3)
  2 dart slugs
  3 leopard geckos
  6 orcs
  6 bats
  3 giant cockroaches
  A gnoll zombie (Ossuary)
  19 goblins
  5 hobgoblins
  6 jackals
  6 kobolds
  A quokka (D:4)
  3 ball pythons
  6 frilled lizards
  2 goblin zombies (Ossuary)
  An orc zombie (Ossuary)
  2 quokka skeletons (D:4)
  7 rats
  2 rat zombies (Ossuary)
112 creatures vanquished.

Notes
Turn   | Place    | Note
-------+----------+-------------------------------------------
     0 | D:1      | Jorund the Formicid Arcane Marksman began the quest for the
                  | Orb.
     0 | D:1      | Reached XP level 1. HP: 15/15 MP: 2/2
    92 | D:1      | Reached XP level 2. HP: 15/21 MP: 1/3
   319 | D:1      | Reached XP level 3. HP: 26/26 MP: 2/4
   940 | D:2      | Reached skill level 3 in Crossbows
  1145 | D:2      | Found a glowing silver altar of Zin.
  1174 | D:2      | Found a burning altar of Makhleb.
  1183 | D:2      | Reached XP level 4. HP: 14/32 MP: 6/6
  1534 | D:2      | Found a blossoming altar of Fedhas.
  2078 | D:2      | Reached XP level 5. HP: 38/38 MP: 5/7
  2320 | D:3      | Reached skill level 4 in Crossbows
  2457 | D:3      | Found a transporter.
  2457 | D:3      | Noticed Ijyb
  2468 | D:3      | Killed Ijyb
  2518 | D:3      | Found an ornate altar of the Wu Jian Council.
  2546 | D:3      | Found a sparkling altar of Nemelex Xobeh.
  2741 | D:3      | Noticed Robin
  2746 | D:3      | Killed Robin
  2757 | D:3      | Reached XP level 6. HP: 30/44 MP: 8/8
  2826 | D:3      | Found a sacrificial altar of Ru.
  2878 | D:3      | Found a transporter.
  2972 | D:3      | Found a stormy altar of Qazlal.
  3210 | D:4      | Noticed Sigmund
  3210 | D:4      | Noticed Natasha
  3567 | D:4      | Reached skill level 5 in Crossbows
  3571 | D:4      | Learned a level 2 spell: Slow
  3575 | D:4      | Learned a level 3 spell: Inner Flame
  3607 | D:4      | Killed Sigmund
  3607 | D:4      | Reached XP level 7. HP: 36/51 MP: 9/9
  3730 | D:4      | Killed Natasha
  3730 | D:4      | Reached skill level 6 in Crossbows
  3742 | D:4      | Noticed Natasha
  3760 | D:4      | Killed Natasha
  4082 | D:4      | Noticed Natasha
  4367 | D:4      | Noticed Grinder
  4370 | D:4      | Killed Grinder
  4370 | D:4      | Reached skill level 7 in Crossbows
  4462 | D:4      | Found Muachuc's Book Emporium.
  4525 | D:5      | Entered Level 5 of the Dungeon
  4532 | D:5      | Found a sand-covered staircase.
  4553 | D:5      | Noticed Eustachio
  4565 | Ossuary  | Entered an ossuary
  4586 | Ossuary  | Reached XP level 8. HP: 44/60 MP: 10/10
  4970 | D:5      | HP: 1/60 [river rat[Eustachio] (7)]
  4981 | D:5      | HP: 3/60 [Eustachio/+3 rapier of draining (8)]
  4981 | D:5      | HP: 1/60 [Eustachio/+3 rapier of draining (2)]
  4987 | D:5      | Quit the game

Levels and vault maps discovered:
D:1:      moated_graveyard_arrival, layout_basic, dk_noncrumbling_4,
          minmay_indecisive_spiral
D:2:      layout_basic, fedhas_ov_isle_minmay, overflow_temple_1_default,
          first_ration, makhleb_heckhound_becter
D:3:      gammafunk_steamed_eel, layout_loops_ring, lemuel_crystal_altar,
          lemuel_coloured_pillars_altar, overflow_temple_1_default,
          old_standard_altar, kennysheep_minor_cross, uniq_ijyb, uniq_robin
D:4:      layout_basic, serial_shops, shop_statue, uniq_sigmund, uniq_natasha,
          uniq_grinder
D:5:      corexii_shack_village, layout_basic, grunt_gozag_statues,
          minmay_temple_entry_gardened_gates, enter_ossuary_2,
          uniq_prince_ribbit1, uniq_pikel, uniq_menkaure, uniq_eustachio

Skill      XL: |  1  2  3  4  5  6  7  8 |
---------------+-------------------------+-----
Hexes          | 4 |  4.5
Crossbows      | 3 4 5 7 |  7.4
Fighting       | 2 3 4 |  4.1
Dodging        | |  1.7
Spellcasting   | |  1.6
Evocations     | |  0.7

Action                   |  1- 3 |  4- 6 |  7- 9 || total
-------------------------+-------+-------+-------++-------
Melee: Unarmed           |       |       |     8 ||     8
 Fire: Hand crossbow     |    77 |   149 |   104 ||   330
 Cast: Corona            |    20 |     4 |       ||    24
       Slow              |       |       |     1 ||     1
Evoke: Wand              |       |       |    16 ||    16
  Use: Scroll            |     1 |     4 |     1 ||     6
       Potion            |       |     1 |     4 ||     5
  Eat: Chunk             |     1 |     7 |     3 ||    11
       Ration            |       |       |     1 ||     1
Armor: Robe              |     9 |    10 |    34 ||    53
Dodge: Dodged            |    36 |    40 |   118 ||   194

Table legend:
 A = Non-vault XP
 B = Vault XP
 C = Vault XP percentage of total XP
 D = Non-vault monster count
 E = Vault monster count
 F = Vault count percentage of total count
                 A         B        C        D         E       F
            +---------+---------+-------+---------+---------+-------
      Total |     343 |     831 |  70.8 |      74 |      38 |  33.9
            +---------+---------+-------+---------+---------+-------
        D:1 |      37 |       8 |  17.8 |      24 |       4 |  14.3
        D:2 |      64 |      40 |  38.5 |      16 |       1 |   5.9
        D:3 |      66 |      73 |  52.5 |      17 |      14 |  45.2
        D:4 |     176 |     515 |  74.5 |      17 |       3 |  15.0
    Ossuary |       0 |     195 | 100.0 |       0 |      16 | 100.0
            +---------+---------+-------+---------+---------+-------
